 Dungeon Crawl Stone Soup version 0.30-a0-723-gc1506a1cf0 (webtiles) character file.

Game seed: 10442388110362950026

1126 Laraso the Grappler (level 8, -13/68 HPs)
             Began as a Ghoul Gladiator on Jan 29, 2023.
             Mangled by Duvessa
             ... wielding a +0 short sword
              (17 damage)
             ... on level 5 of the Dungeon.
             The game lasted 00:08:39 (5544 turns).

Laraso the Grappler (Ghoul Gladiator)               Turns: 5544, Time: 00:08:39

Health: -13/68     AC: 10    Str: 18    XL:     8   Next: 35%
Magic:  7/7        EV: 11    Int:  3    God:
Gold:   307        SH:  0    Dex: 12    Spells: 7/7 levels left

rFire   . . .      SeeInvis .      - Unarmed
rCold   + . .      Faith    .    (no shield)
rNeg    + + +      Spirit   .    e - +0 scale mail
rPois   ∞          Reflect  .    b - +1 helmet
rElec   .          Harm     .    j - +0 cloak
rCorr   .          Rampage  .    (no gloves)
Will    .....                    (no boots) Stlth
                                 (no amulet)
HPRegen 0.00/turn                (no ring)
MPRegen 0.10/turn                (no ring)

@: inhibited regen
A: claws 1, cold resistance 1, negative energy resistance 3, inhibited
regeneration, torment resistance 2, devour on kill
a: no special abilities


You were on level 5 of the Dungeon.
You visited 1 branch of the dungeon, and saw 6 of its levels.

You collected 307 gold pieces.

Inventory:

Missiles
 c - 2 throwing nets (quivered)
 d - a javelin
Armour
 b - a +1 helmet (worn)
 e - a +0 scale mail (worn)
 j - a +0 cloak (worn)
Wands
 o - a wand of quicksilver (1)
Scrolls
 h - a scroll of torment
 k - 2 scrolls of blinking
 l - 2 scrolls of enchant armour
 m - a scroll of teleportation
 n - 3 scrolls of identify
 q - a scroll of amnesia
Potions
 a - a potion of flight
 f - 2 potions of heal wounds
 g - 2 potions of curing
 i - a potion of attraction
 p - a potion of mutation {unknown}
 r - a potion of might {unknown}
 s - 2 potions of brilliance {unknown}


   Skills:
 - Level 5.0 Fighting
 - Level 1.7 Throwing
 - Level 3.0 Armour
 - Level 4.0 Dodging
 * Level 8.6 Unarmed Combat


You had 7 spell levels left.
You didn't know any spells.
Your spell library contained the following spells:

 Spells                   Type           Power      Damage    Failure   Level
 Foxfire                  Conj/Fire      0%         2x1d4     88%         1
 Freeze                   Ice            0%         1d3       88%         1
 Kiss of Death            Conj/Necr      0%         2d5       88%         1
 Confusing Touch          Hex            0%         N/A       99%         3
 Frozen Ramparts          Ice            0%         1d1       99%         3
 Hailstorm                Conj/Ice       0%         3d3       99%         3
 Ozocubu's Armour         Ice            0%         N/A       99%         3
 Portal Projectile        Hex/Tloc       0%         N/A       99%         3
 Tukima's Dance           Hex            0%         N/A       99%         3
 Dispel Undead            Necr           0%         3d6       100%        4
 Petrify                  Tmut/Erth      0%         N/A       100%        4
 Fireball                 Conj/Fire      0%         3d3       100%        5
 Irradiate                Conj/Tmut      0%         3d11      100%        5
 Starburst                Conj/Fire      0%         6d3       100%        6
 Ozocubu's Refrigeration  Ice            0%         4d7       100%        7
 Sublimation of Blood     Necr           Unusable   N/A       N/A         2
 Blade Hands              Tmut           Unusable   N/A       N/A         5

Dungeon Overview and Level Annotations

Branches:
Dungeon (6/15)
 Temple: D:4-7

Altars:
Gozag
Vehumet

Shops:
D:5 :

Annotations:
D:5 Duvessa


Innate Abilities, Weirdness & Mutations

You are immune to poison.
You have sharp fingernails.
Your flesh is cold resistant. (rC+)
You are immune to negative energy. (rN+++)
You do not regenerate when monsters are visible.
You are immune to unholy pain and torment.
You thrive by killing the living.


Message History

You hear a shout! x37
HP restored.
You hear a shout!
You hear a shout!
You hear a shout!
You hear a shout!
You hear a shout!
You hear a shout!
You hear a shout!
You see here a +0 shortbow.
You hear a shout!
You hear a shout!
You hear a shout!
Duvessa hits you with a +0 short sword! Duvessa attacks as you move away!
Duvessa hits you but does no damage. Duvessa hits you with a +0 short sword.
There is a stone staircase leading down here.
You claw Duvessa!
Duvessa is moderately wounded.
Duvessa hits you with a +0 short sword.
You scratch Duvessa.
Duvessa is heavily wounded.
Duvessa hits you with a +0 short sword.
You scratch Duvessa.
Duvessa is heavily wounded.
Duvessa hits you with a +0 short sword!
You scratch Duvessa but do no damage.
Duvessa is heavily wounded.
Duvessa closely misses you. Duvessa completely misses you.
You scratch Duvessa.
Duvessa is heavily wounded.
Duvessa hits you with a +0 short sword!
You barely miss Duvessa.
Duvessa is heavily wounded.
Duvessa hits you with a +0 short sword!
* * * LOW HITPOINT WARNING * * *
You scratch Duvessa.
Duvessa is severely wounded.
Duvessa hits you with a +0 short sword!
You die...

#.# #### #.# #♣. ###.## ####..###
##.# #.. #....####.##....## #..#
#8. ###..............# #.## #..
#...............### #.# #8.
###.(.............### #.## #.. #
###.............#.###..# #8. ###
#.....##.#.............####.. ..#
#......#.#.e@.......##.#..#8.
..###..................###....#..
...................(....##....#8.
###.......#............##.....#..
###.......##........).###....)#8.
#.#.......##...........[...)..#..
#.......#.###.........###....##8.
.....#..#..##.........###....##..
..#.....#...........♣...))....#8.


You could see Duvessa (berserk).

Vanquished Creatures
  Menkaure (D:5)
  A water moccasin (D:4)
  A black bear (D:5)
  2 necrophages
  3 wights (D:6)
  Dowan (D:5)
  A gnoll bouda (D:6)
  An orc priest (D:4)
  4 hounds
  A jelly (D:5)
  2 iguanas (D:4)
  An orc wizard (D:5)
  6 adders
  7 gnolls
  A worm (D:3)
  A dart slug (D:4)
  9 orcs
  7 ball pythons
  4 endoplasms
  A giant cockroach (D:1)
  11 goblins
  8 hobgoblins
  3 jackals (D:1)
  4 quokkas
  A bat (D:1)
  2 frilled lizards
  2 kobolds
  4 rats
90 creatures vanquished.

Notes
Turn   | Place    | Note
-------+----------+-------------------------------------------
     0 | D:1      | Laraso the Ghoul Gladiator began the quest for the Orb.
     0 | D:1      | Reached XP level 1. HP: 17/17 MP: 0/0
   204 | D:1      | Reached XP level 2. HP: 24/24 MP: 1/1
   383 | D:1      | Reached skill level 4 in Unarmed Combat
   576 | D:1      | Found a faded altar of an unknown god.
   905 | D:2      | Reached XP level 3. HP: 29/29 MP: 2/2
  1612 | D:3      | Reached skill level 5 in Unarmed Combat
  1663 | D:3      | Reached XP level 4. HP: 36/36 MP: 3/3
  2453 | D:4      | Reached skill level 6 in Unarmed Combat
  2556 | D:4      | Noticed a water moccasin
  2568 | D:4      | Killed a water moccasin
  2569 | D:4      | Reached skill level 7 in Unarmed Combat
  2569 | D:4      | Reached XP level 5. HP: 19/41 MP: 4/4
  2641 | D:4      | Reached skill level 1 in Armour
  2641 | D:4      | Reached XP level 6. HP: 48/48 MP: 5/5
  3055 | D:5      | Entered Level 5 of the Dungeon
  3289 | D:4      | Found a radiant altar of Vehumet.
  3671 | D:5      | Noticed a black bear
  3682 | D:5      | Killed a black bear
  3683 | D:5      | Reached XP level 7. HP: 55/55 MP: 6/6
  3744 | D:5      | Found Elee's Book Shoppe.
  4118 | D:5      | Found an opulent altar of Gozag.
  4430 | D:6      | Noticed Duvessa
  4430 | D:6      | Noticed Dowan
  4430 | D:6      | Noticed Menkaure
  4440 | D:5      | Killed Menkaure
  4441 | D:5      | Reached skill level 5 in Fighting
  4441 | D:5      | Reached XP level 8. HP: 66/68 MP: 7/7
  5092 | D:5      | Killed Dowan
  5391 | D:6      | Reached skill level 8 in Unarmed Combat
  5544 | D:5      | Mangled by Duvessa

Illustrated notes

Levels and vault maps discovered:
D:1:      ebering_trefoil_twist, layout_basic, hellmonk_ecumenical_altar_run_dry
D:2:      layout_basic, serial_forest, infiniplex_forest_straight_4,
          infiniplex_forest_side_room, infiniplex_forest_straight_3,
          infiniplex_forest_end_2, infiniplex_forest_lined_corner,
          infiniplex_forest_side_room, infiniplex_forest_lined_room_3,
          infiniplex_forest_clump_small
D:3:      cheibrodos_greedy_goblins, layout_loops_corners
D:4:      layout_basic, mainiacjoe_overflow_tiny_flanked,
          minmay_misc_feat_square
D:5:      layout_cave_pools, mainiacjoe_overflow_concentric_impassable,
          serial_shops, nicolae_shop_trees, chequers_avenue
D:6:      layout_layer_cave, minmay_temple_entry_purple_smoke, uniq_duvessa,
          uniq_edmund, uniq_menkaure

Skill      XL: |  1  2  3  4  5  6  7  8 |
---------------+-------------------------+-----
Unarmed Combat | 4 5 7 8 |  8.6
Armour         | 1 2 3 |  3.0
Dodging        | 3 4 |  4.0
Fighting       | 5 |  5.0
Throwing       | |  1.7

Action                     |  1- 3 |  4- 6 |  7- 9 || total
---------------------------+-------+-------+-------++-------
  Melee: Unarmed           |   103 |   114 |   132 ||   349
         Punch             |     1 |     3 |     6 ||    10
  Throw: Throwing net      |       |     3 |     2 ||     5
    Use: Scroll            |     9 |     4 |     5 ||    18
         Potion            |       |       |     1 ||     1
   Stab: Held in net/web   |       |     1 |       ||     1
         Invisible         |       |       |     1 ||     1
 Armour: Leather armour    |     4 |       |       ||     4
         Scale mail        |    36 |    39 |    57 ||   132
  Dodge: Dodged            |    52 |    41 |    86 ||   179

Table legend: (Time is in decaauts)
 A = Elapsed time spent in this place.
 B = Non-inter-level travel time spent in this place.
 C = Inter-level travel time spent in this place.
 D = Time resting spent in this place.
 E = Time spent auto-exploring this place.
 F = Levels seen in this place.
 G = Mean time per level.
                   A        B        C        D        E       F      G
               +--------+--------+--------+--------+--------+-----+--------+
         Total |   5514 |   5375 |    139 |   1326 |   3115 |   6 |  919.0 |
       Dungeon |   5514 |   5375 |    139 |   1326 |   3115 |   6 |  919.0 |
               +--------+--------+--------+--------+--------+-----+--------+

Top non-repeatable levels by time:
     D:4: 1497 daAuts
     D:5: 1341 daAuts
     D:3: 884 daAuts
     D:1: 773 daAuts
     D:2: 757 daAuts
     D:6: 260 daAuts
